AoeStats
← Elgalloernie

Arena

510745284Analyzed
1v1 RM · 21h ago on Oct 2, 2026· 28m 29s· 2 players
Game mode
Random Map
Map size
Tiny (2 player)
Population
200
Speed
Normal
Resources
Standard
Victory
Conquest
Starting age
Dark Age
Ending age
Imperial Age
RankedLock teamsTeams togetherTeam positionsShared explorationLock speedFull tech treeHidden civsTurbo modeCheats
Victory
Defeat
🇵🇹 Turks · Portugal
472
+9
🇪🇸 Cumans · Spain
321
-9
Elgalloernie
13:14 Feudal Age
13:52 Double-Bit Axe
15:25 Wheelbarrow
23:53 Bloodlines
ess1978
2:43 Loom
10:28 Feudal Age
13:07 Double-Bit Axe
12:53 Man-at-Arms
21:34 Castle Age
21:30 Fletching
21:40 Padded Archer Armor
21:31 Horse Collar
21:52 Stone Mining
23:30 Scale Mail Armor
Connection lost

Rejoining the realm…

Still unreachable

The connection could not be restored.

Session expired

The server has moved on; the page needs a fresh start.